 Dungeon Crawl Stone Soup version 0.28.0 (webtiles) character file.

Game seed: 14773151525270022032

338 browni3141 the Skirmisher (level 6, -8/57 HPs)
             Began as a Minotaur Berserker on Feb 16, 2022.
             Was a Believer of Trog.
             Killed from afar by Dowan (18 damage)
             ... with a shard of ice
             ... on level 6 of the Dungeon.
             The game lasted 00:01:18 (2164 turns).

browni3141 the Skirmisher (Minotaur Berserker)      Turns: 2164, Time: 00:01:19

Health: -8/57      AC: 11    Str: 24    XL:     6   Next: 29%
Magic:  5/5        EV:  8    Int:  4    God:    Trog [**....]
Gold:   70         SH:  0    Dex:  9    Spells: 5/5 levels left

rFire   + + .      SeeInvis .   h - +2 hand axe (vorpal)
rCold   . . .      Faith    .   (no shield)
rNeg    . . .      Spirit   .   j - +0 chain mail
rPois   .          Reflect  .   (helmet restricted)
rElec   .          Harm     .   f - +0 cloak of Kiokanlinu {rF++}
rCorr   .          Rampage  .   (no gloves)
Will    ++...                   (no boots)
Stlth   ..........              (no amulet)
HPRegen 1.19/turn               (no ring)
MPRegen 0.09/turn               (no ring)

@: strong-willed, on berserk cooldown, regenerating, slowed, very slow
A: horns 2, retaliatory headbutt
a: Renounce Religion, Berserk, Trog's Hand


You were on level 6 of the Dungeon.
You worshipped Trog.
Trog was pleased with you.
You visited 1 branch of the dungeon, and saw 4 of its levels.

You collected 70 gold pieces.

Inventory:

Hand Weapons
 a - a +0 hand axe
 h - a +2 vorpal hand axe (weapon)
Armour
 b - a +0 animal skin
 f - the +0 cloak of Kiokanlinu (worn) {rF++}
   (You found it on level 2 of the Dungeon)

   rF:        It greatly protects you from fire.
 j - a +0 chain mail (worn)
Scrolls
 c - 2 scrolls of blinking {unknown}
 d - 2 scrolls of fear {unknown}
 e - 2 scrolls of teleportation {unknown}
 g - a scroll of vulnerability {unknown}
Potions
 i - a potion of resistance {unknown}
 k - a potion of heal wounds {unknown}
 l - 2 potions of might {unknown}


   Skills:
 + Level 5.8 Fighting
 + Level 5.7 Axes
 + Level 5.0 Armour
 - Level 2.1 Dodging


You had 5 spell levels left.
You didn't know any spells.
Your spell library was empty.

Dungeon Overview and Level Annotations

Branches:
Dungeon (3/15)

Altars:

Annotations:
D:6 Dowan


Innate Abilities, Weirdness & Mutations

You have a pair of horns on your head.
You reflexively headbutt those who attack you in melee.


Message History

You barely miss Dowan. Your headbutt misses Dowan.
Dowan is severely wounded.
Dowan hits you but does no damage. Dowan hits you with a +0 dagger.
You hit Dowan.
Dowan is severely wounded.
Dowan gestures at you while chanting. The shard of ice hits you!
* * * LOW HITPOINT WARNING * * *
Dowan hits you with a +0 dagger.
* * * LOW HITPOINT WARNING * * *
Dowan mumbles some strange words.
Dowan blinks!
You are too injured to fight recklessly!
You are too injured to fight recklessly!
You are too injured to fight recklessly!
You aren't carrying any items that you can evoke.
Unknown command.
Okay, then.
Your skin crawls.
You feel strong-willed. Dowan gestures at you while chanting.
The stone arrow misses you.
Dowan points at you and mumbles some strange words.
The stone arrow hits you but does no damage.
Things that are here:
a +0 short sword; a +0 chain mail; the elf corpse of Duvessa You barely miss Dowan.
Your headbutt misses Dowan.
Dowan is severely wounded.
Dowan closely misses you. Dowan gestures at you while chanting.
The shard of ice hits you!
* * * LOW HITPOINT WARNING * * *
You are too injured to fight recklessly!
You are too injured to fight recklessly!
You are too injured to fight recklessly!
You hit Dowan. Your headbutt misses Dowan.
Dowan is almost dead.
Dowan casts a spell at you. The shard of ice hits you!!
You die...

#........ ##.........
....####...........
..... ............
.... #.........(. #..
... #..........# #..
..##).........# # ...
#.#@..........# ##....
#.#e..........#
......##.............#
#...#........)......#
#>....##.#..........#
#........#..........#
.......##...#.#####...
###..#. #..#..# ## #..
##....#.##


You could see Dowan (fast).

Vanquished Creatures
  Duvessa (D:6)
  An orc warrior (D:6)
  A centaur zombie (D:6)
  Jessica (D:2)
  3 adders
  A worm (D:2)
  4 orcs
  4 endoplasms
  5 giant cockroaches
  A hobgoblin (D:1)
  10 kobolds
  2 quokkas (D:2)
  5 ball pythons
  8 bats
  A frilled lizard (D:1)
  2 goblins
  4 rats
54 creatures vanquished.

Notes
Turn   | Place    | Note
-------+----------+-------------------------------------------
     0 | D:1      | browni3141 the Minotaur Berserker began the quest for the
                  | Orb.
     0 | D:1      | Reached XP level 1. HP: 19/19 MP: 0/0
   122 | D:1      | Reached XP level 2. HP: 18/27 MP: 1/1
   380 | D:1      | Found a faded altar of an unknown god.
   834 | D:2      | Reached XP level 3. HP: 26/33 MP: 2/2
   917 | D:2      | Reached ** piety under Trog
  1261 | D:2      | Identified the +0 cloak of Kiokanlinu {rF++}
  1620 | D:2      | Noticed Jessica
  1628 | D:2      | Killed Jessica
  1629 | D:2      | Reached XP level 4. HP: 29/41 MP: 3/3
  2072 | D:3      | You fall into a shaft and drop 3 floors!
  2128 | D:6      | Reached skill level 5 in Fighting
  2128 | D:6      | Reached skill level 5 in Axes
  2128 | D:6      | Reached XP level 5. HP: 47/48 MP: 4/4
  2136 | D:6      | Noticed Duvessa
  2141 | D:6      | Noticed an orc warrior
  2147 | D:6      | Killed Duvessa
  2150 | D:6      | Noticed Dowan
  2153 | D:6      | Killed an orc warrior
  2154 | D:6      | Reached skill level 5 in Armour
  2154 | D:6      | Reached XP level 6. HP: 43/57 MP: 5/5
  2164 | D:6      | Killed from afar by Dowan

Illustrated notes

Levels and vault maps discovered:
D:1:      minmay_arrival_wavy_path, layout_loops_ring,
          shapermc_ecumenical_altar_notcrosses
D:2:      layout_rooms, chequers_serial_rivers_room_b, uniq_jessica
D:3:      layout_rooms
D:6:      minmay_spotlight, layout_rooms, temple_statues,
          biasface_ghost_orc_armoury, kennysheep_doodads, minmay_lizard_king,
          uniq_duvessa

Skill      XL: |  1  2  3  4  5 |
---------------+----------------+-----
Axes           | 4 5 |  5.7
Fighting       | 4 5 |  5.8
Armour         | 3 4 5 |  5.0
Dodging        | |  2.1

Action                   |  1- 3 |  4- 6 || total
-------------------------+-------+-------++-------
Melee: Hand axe          |    87 |    38 ||   125
       Headbutt          |     7 |     4 ||    11
Invok: Berserk           |     1 |     1 ||     2
       Trog's Hand       |       |     1 ||     1
 Stab: Sleeping          |     1 |     1 ||     2
Armor: Animal skin       |    19 |     6 ||    25
       Chain mail        |       |     6 ||     6
Dodge: Dodged            |    65 |    12 ||    77
